 Dungeon Crawl Stone Soup version 0.24.0-41-g2ae2f7f1be (webtiles) character file.

Game seed: 4535627803464767594, levelgen mode: deterministic

752 DavidChitty2 the Stinger (level 7, -14/36 HPs)
             Began as a Deep Elf Venom Mage on Dec 10, 2019.
             Demolished by a wyvern zombie (16 damage)
             ... on level 4 of the Dungeon on Dec 11, 2019.
             The game lasted 00:11:28 (5927 turns).

DavidChitty2 the Stinger (Deep Elf Venom Mage)      Turns: 5927, Time: 00:11:29

Health: -14/36     AC:  3    Str:  5    XL:     7   Next: 49%
Magic:  17/17      EV: 15    Int: 22    God:
Gold:   159        SH:  0    Dex: 15    Spells: 6/16 levels left

rFire    . . .     SeeInvis .   a - +1 hunting sling
rCold    . . .     Gourm    .   (no shield)
rNeg     . . .     Faith    .   m - +0 robe
rPois    .         Spirit   .   (no helmet)
rElec    .         Reflect  .   (no cloak)
rCorr    .         Harm     .   c - +0 pair of gloves
MR       .....                  (no boots)
Stlth    ++........             (no amulet)
HPRegen  0.12/turn              (no ring)
MPRegen  0.15/turn              (no ring)

@: about to teleport
A: no striking features
a: no special abilities


You were on level 4 of the Dungeon.
You were hungry.

You visited 1 branch of the dungeon, and saw 4 of its levels.

You collected 159 gold pieces.

Inventory:

Hand Weapons
 a - a +1 hunting sling (weapon)
   (You found it on level 1 of the Dungeon)
 b - a +0 trident
   (You took it off an orc on level 3 of the Dungeon)
 w - a +0 dagger of venom
   (You took it off a goblin on level 3 of the Dungeon)
Missiles
 f - 208 stones (quivered)
 q - 23 sling bullets
Armour
 c - a +0 pair of gloves (worn)
   (You found it on level 2 of the Dungeon)
 m - a +0 robe (worn)
Wands
 t - a wand of flame (12)
   (You found it on level 4 of the Dungeon)
Scrolls
 h - 3 scrolls of enchant weapon
 j - 3 scrolls of remove curse {@r2}
 k - 3 scrolls of blinking
 o - a scroll of fog {unknown}
Potions
 d - a potion of flight {unknown}
 g - a potion of might {unknown}
 i - 2 potions of heal wounds {unknown}
 l - 2 potions of cancellation {unknown}
 n - a potion of lignification {unknown}
 s - 3 potions of curing {unknown}
 u - a potion of resistance {unknown}
 v - 2 potions of haste {@q3}
Comestibles
 e - 5 rations {!d}


   Skills:
 + Level 4.7 Dodging
 - Level 2.4 Stealth
 + Level 5.3 Spellcasting
 + Level 3.8 Conjurations
 + Level 2.8 Air Magic
 * Level 6.2 Poison Magic


You had 6 spell levels left.
You knew the following spells:

 Your Spells              Type           Power        Failure   Level  Hunger
a - Sting                 Conj/Pois      ####         1%          1    None
m - Mephitic Cloud        Conj/Pois/Air  ###.....     4%          3    ##.....
x - Poisonous Vapours     Pois/Air       ####..       2%          2    None
y - Olgreb's Toxic Radia  Pois           ####....     8%          4    ####...

Your spell library contained the following spells:

 Spells                   Type           Power        Failure   Level  Hunger
 Venom Bolt               Conj/Pois      ####......   34%         5    #####..


Dungeon Overview and Level Annotations

Branches:
Dungeon (4/15)
 Temple: D:4-7

Altars:

Annotations:
D:4 3 runed translucent doors, ThereIsNoGod's ghost, amateur NaTm; dscm's ghost, amateur FoFi


Message History

a +0 dagger; a +0 ring mail Partly explored, can't reach some items and places.
Partly explored, can't reach some items and places.
You are feeling hungry.
Okay, then.
ThereIsNoGod's ghost turns its malevolent gaze towards you.
Okay, then.
A wyvern zombie comes into view.
You can't go down here!
Firing (i - inventory. (/) - cycle)
f - 216 stones (quivered)
Aim: a wyvern zombie (hasn't noticed you)
You shoot a stone. The stone hits the wyvern zombie.
Firing (i - inventory. (/) - cycle)
f - 215 stones (quivered)
Aim: a wyvern zombie (lightly damaged)
You shoot a stone. The stone hits the wyvern zombie.
Firing (i - inventory. (/) - cycle)
f - 214 stones (quivered)
Aim: a wyvern zombie (lightly damaged)
You shoot a stone.
The stone completely misses the wyvern zombie.
The wyvern zombie bites you.
Firing (i - inventory. (/) - cycle)
f - 213 stones (quivered)
Aim: a wyvern zombie (lightly damaged)
You shoot a stone.
The stone barely misses the wyvern zombie.
The wyvern zombie barely misses you.
Firing (i - inventory. (/) - cycle)
f - 212 stones (quivered)
Aim: a wyvern zombie (lightly damaged)
You shoot a stone. The stone hits the wyvern zombie.
The wyvern zombie bites you! The wyvern zombie closely misses you.
Firing (i - inventory. (/) - cycle)
f - 211 stones (quivered)
Aim: a wyvern zombie (moderately damaged)
You shoot a stone. The stone hits the wyvern zombie.
The wyvern zombie closely misses you. x2
Firing (i - inventory. (/) - cycle)
f - 210 stones (quivered)
Aim: a wyvern zombie (moderately damaged)
You shoot a stone.
The stone hits the wyvern zombie but does no damage.
The wyvern zombie closely misses you.
Firing (i - inventory. (/) - cycle)
f - 209 stones (quivered)
Aim: a wyvern zombie (moderately damaged)
You shoot a stone. The stone hits the wyvern zombie.
The wyvern zombie bites you. The wyvern zombie bites you!
* * * LOW HITPOINT WARNING * * *
As you read the scroll of teleportation {@r4}, it crumbles to dust.
You feel strangely unstable. The wyvern zombie bites you!
* * * LOW HITPOINT WARNING * * *
Things that are here:
a +0 ring mail; a wand of random effects (25)
The wyvern zombie bites you!
You die...

..........## #...........##
##.. ..........#
##........### #...
.........## #.......## ##..
.........# ##....### #..
.........## ###### ###..
.....##...#### ###..).
...###.......#### ###...##.
................####
###...#####
######.######...@..####...###
# #..### #####Z.......## #
##...# #...#...#### #....#
##..........# # ##÷...#
#.(####+++### ### ##.....#
##..#♣W......♣###.. #......##
#(.(#⌠.......⌠#.... #.......#
#...#♣.......♣#.#..
#.....#.##
#..(#$.......!###..


You could see ThereIsNoGod's ghost and a wyvern zombie.

Vanquished Creatures
  4 ogres (D:4)
  2 howler monkeys (D:4)
  2 orc priests
  A hound (D:4)
  2 orc wizards (D:4)
  Ijyb (D:4)
  5 adders
  4 gnolls (D:4)
  An ooze (D:4)
  A worm (D:4)
  A dart slug (D:1)
  4 leopard geckos
  13 orcs
  3 ball pythons
  5 bats
  2 goblins
  3 hobgoblins
  3 jackals (D:1)
  2 quokkas
  8 frilled lizards
  4 kobolds
  6 rats
77 creatures vanquished.

Notes
Turn   | Place    | Note
-------+----------+-------------------------------------------
     0 | D:1      | DavidChitty2 the Deep Elf Venom Mage began the quest for
                  | the Orb.
     0 | D:1      | Reached XP level 1. HP: 10/10 MP: 6/6
     0 | D:1      | Noticed a minotaur skeleton
     3 | D:1      | Noticed a human
    14 | D:1      | Noticed a gargoyle
    16 | D:1      | Noticed a draconian
    16 | D:1      | Noticed a merfolk zombie
    20 | D:1      | Noticed a naga
   219 | D:1      | Reached XP level 2. HP: 15/15 MP: 6/8
   227 | D:1      | Learned a level 2 spell: Poisonous Vapours
  1181 | D:2      | Reached XP level 3. HP: 19/19 MP: 3/9
  1235 | D:2      | Learned a level 3 spell: Mephitic Cloud
  1582 | D:2      | Reached skill level 4 in Poison Magic
  2810 | D:3      | Reached XP level 4. HP: 22/24 MP: 5/11
  2896 | D:3      | Learned a level 4 spell: Olgreb's Toxic Radiance
  3581 | D:3      | Reached skill level 1 in Air Magic
  3965 | D:4      | Reached XP level 5. HP: 28/28 MP: 3/12
  4143 | D:4      | Noticed an ogre
  4170 | D:4      | Killed an ogre
  4170 | D:4      | Reached skill level 5 in Poison Magic
  4331 | D:4      | Noticed an ogre
  4345 | D:4      | Killed an ogre
  4345 | D:4      | Reached XP level 6. HP: 32/32 MP: 4/14
  4470 | D:4      | Found a runed translucent gate.
  4471 | D:4      | Found a runed translucent gate.
  4472 | D:4      | Found a runed translucent gate.
  4474 | D:4      | Noticed Ijyb
  4483 | D:4      | Killed Ijyb
  4788 | D:4      | Noticed ThereIsNoGod's ghost (amateur NaTm)
  4788 | D:4      | Noticed dscm's ghost (amateur FoFi)
  4841 | D:4      | Reached XP level 7. HP: 36/36 MP: 7/16
  4905 | D:4      | Reached skill level 5 in Spellcasting
  5105 | D:4      | Reached skill level 6 in Poison Magic
  5927 | D:4      | Demolished by a wyvern zombie

Levels and vault maps discovered:
D:1:      shiori_arrival_whats_in_store_for_you, layout_basic
D:2:      layout_basic, minmay_misc_feat_doors
D:3:      layout_loops_corners, minmay_liquid_box
D:4:      layout_cave_pods, gammafunk_ghost_cemetery, uniq_ijyb

Skill      XL: |  1  2  3  4  5  6  7 |
---------------+----------------------+-----
Dodging        | 3 4 |  4.7
Poison Magic   | 4 5 6 |  6.2
Conjurations   | 2 3 |  3.8
Air Magic      | 1 2 |  2.8
Spellcasting   | 4 5 |  5.3
Stealth        | |  2.4

Action                   |  1- 3 |  4- 6 |  7- 9 || total
-------------------------+-------+-------+-------++-------
 Fire: Hunting sling     |       |     8 |     8 ||    16
Throw: Stone             |     1 |       |       ||     1
 Cast: Sting             |    39 |     9 |     1 ||    49
       Poisonous Vapours |    25 |    46 |    22 ||    93
       Olgreb's Toxic Ra |       |     3 |     5 ||     8
  Use: Scroll            |       |     8 |     1 ||     9
  Eat: Chunk             |     6 |     8 |     3 ||    17
Armor: Robe              |     2 |     4 |       ||     6
Dodge: Dodged            |    10 |     7 |     5 ||    22
